 Dungeon Crawl Stone Soup version 0.31-a0-1074-g0b22e4e0f1 (webtiles) character file.

Game seed: 14928396026681000059

4 IdlyInterested the Changeling (level 1, -1/15 HPs)
             Began as a Demonspawn Shapeshifter on Dec 7, 2023.
             Slain by a gnoll
             ... wielding a +0 spear
              (6 damage)
             ... on level 1 of the Dungeon.
             The game lasted 00:00:37 (161 turns).

IdlyInterested the Changeling (DsSh)                 Turns: 161, Time: 00:00:38

Health: -1/15      AC:  2    Str: 14    XL:     1   Next: 50%
Magic:  1/1        EV: 12    Int: 11    God:
Gold:   2          SH:  0    Dex: 12    Spells: 0/0 levels left

rFire   . .          .
                       - Unarmed
rCold   . . .        g - orb {mayhem}
rNeg    . . .        a - +0 animal skin
rPois   .            (helmet currently unavailable)
rElec   .            (cloak currently unavailable)
rCorr   .            (gloves currently unavailable)
SInv    .            (boots currently unavailable)
Will    .....        (no amulet)
Stlth   +            (no ring)
HPRegen 0.22/turn    (no ring)
MPRegen 0.07/turn

%: mayhem
@: beast-form
A: beast (slay +1)
a: Begin Untransformation


You were on level 1 of the Dungeon.
You were a hulking beast.
You visited 1 branch of the dungeon, and saw 1 of its levels.

You collected 2 gold pieces.

Inventory:

Hand Weapons
 f - a +0 dagger
Armour
 a - a +0 animal skin (worn)
 g - an orb of mayhem (worn)
Talismans
 c - a beast talisman
 d - a flux talisman
Scrolls
 h - 2 scrolls of poison {unknown}
Potions
 b - a potion of lignification
 e - a potion of might {unknown}


   Skills:
 - Level 1.0 Fighting
 + Level 1.9 Dodging
 - Level 2.6 Unarmed Combat
 * Level 2.8 Shapeshifting


You couldn't memorise any spells.
You didn't know any spells.
Your spell library was empty.

Dungeon Overview and Level Annotations

Branches:
Dungeon (1/15)

Altars:


Message History

You hit the giant cockroach.
The giant cockroach is heavily wounded.
The giant cockroach closely misses you.
You barely miss the giant cockroach.
The giant cockroach is heavily wounded.
The giant cockroach closely misses you.
You hit the giant cockroach.
The giant cockroach is almost dead.
The giant cockroach bites you.
You hit the giant cockroach.
You kill the giant cockroach!
You start putting on your armour.
You continue putting on your orb of mayhem.
HP restored.
You continue putting on your orb of mayhem. x3
You finish putting on your orb of mayhem.
You see here 2 gold pieces.
The endoplasm barely misses you.
You hit the endoplasm.
The endoplasm is heavily wounded.
The endoplasm hits you.
You hit the endoplasm.
You kill the endoplasm!
You now have 2 gold pieces.
h - 2 scrolls labelled MENUEHA OGUYLL A goblin comes into view.
It is wielding a +0 dagger.
The goblin shouts!
The goblin barely misses you.
You hit the goblin.
You kill the goblin!
A gnoll comes into view. It is wielding a +0 spear.
The gnoll shouts!
You see here a +0 dagger.
A quokka comes into view.
The gnoll hits you with a +0 spear.
You closely miss the gnoll. The gnoll hits you with a +0 spear.
You hit the gnoll.
The gnoll is lightly wounded.
The gnoll hits you with a +0 spear.
You die...

.......##.###### ..
.............##.. ..##
.##..#........... ....
#..#.###.###### ... ...#.# #.# #
. #.. #.##.# #.# .#.
..##.r####.##.###.## ## ..
......g............# .. #.
..##..#h##.##.###..##.## .#.##
........##.##.# #....... ....
........).....# #..##.##
###.##########......##.# #..##.#
..........#..#.#.##.##.# #..##.#
...........#.#.#.##.##.# #...#.#
..#.#.......##....#.##.###...#.##
# #.#.#......#...................
#.#.##.....#....#..#####...#.##


You could see a gnoll and a quokka.

Vanquished Creatures
  An endoplasm (D:1)
  A giant cockroach (D:1)
  A goblin (D:1)
3 creatures vanquished.

Notes
Turn   | Place    | Note
-------+----------+-------------------------------------------
     0 | D:1      | IdlyInterested the Demonspawn Shapeshifter began the quest
                  | for the Orb.
     0 | D:1      | Reached XP level 1. HP: 15/15 MP: 1/1
   161 | D:1      | Slain by a gnoll

Illustrated notes

Levels and vault maps discovered:
D:1:      matt_arrival_grand_opening, layout_basic,
          chequers_serial_rivers_small_3

Action                     || total
---------------------------++-------
  Melee: Unarmed           ||    11
 Armour: Animal skin       ||     5
  Dodge: Dodged            ||     7

Table legend: (Time is in decaauts)
 A = Elapsed time spent in this place.
 B = Non-inter-level travel time spent in this place.
 C = Inter-level travel time spent in this place.
 D = Time resting spent in this place.
 E = Time spent auto-exploring this place.
 F = Levels seen in this place.
 G = Mean time per level.
                   A        B        C        D        E       F      G
               +--------+--------+--------+--------+--------+-----+--------+
         Total |    160 |    160 |      0 |      0 |    118 |   1 |  160.0 |
       Dungeon |    160 |    160 |      0 |      0 |    118 |   1 |  160.0 |
               +--------+--------+--------+--------+--------+-----+--------+

Top non-repeatable levels by time:
     D:1: 160 daAuts
